 Dungeon Crawl Stone Soup version 0.18.1-2-ga659475 (console) character file.

13927 sorlin the Carver (level 12, -10/90 (91) HPs)
             Began as a Human Enchanter on May 8, 2016.
             Was a High Priest of Makhleb.
             Killed from afar by a rime drake (32 damage)
             ... with a flash freeze
             ... on level 3 of the Lair of Beasts.
             The game lasted 01:08:38 (22420 turns).

sorlin the Carver (Human Enchanter)                Turns: 22420, Time: 01:08:39

HP:   -10/90 (91)   AC: 22    Str: 21    XL:     12   Next: 38%
MP:   17/17         EV: 13    Int: 15    God:    Makhleb [*****.]
Gold: 512           SH:  4    Dex: 15    Spells: 5 memorised, 4 levels left

rFire  . . .     SeeInvis +     a - +1 long sword
rCold  . . .     Gourm    .     R - +2 scale mail {MR+}
rNeg   . . .     Faith    .     (no shield)
rPois  .         Spirit   .     U - +0 helmet of Brilliance {*Drain Regen+ Str+8}
rElec  .         Dismiss  .     E - +2 cloak
rCorr  .         Reflect  +     e - +0 pair of gloves
SustAt .         Harm     .     h - +2 pair of boots
MR     +....                    o - +4 amulet of reflection
Stlth  +.........               Q - +3 ring of protection
                                t - ring of see invisible

@: somewhat resistant to hostile enchantments, very unstealthy
A: no striking features
a: Minor Destruction, Lesser Servant of Makhleb, Major Destruction, Greater
Servant of Makhleb, Renounce Religion


You were on level 3 of the Lair of Beasts.
You worshipped Makhleb.
Makhleb was extremely pleased with you.
You were hungry.

You visited 2 branches of the dungeon, and saw 13 of its levels.

You collected 754 gold pieces.
You spent 242 gold pieces at shops.


   Skills:
 + Level 7.0 Fighting
 - Level 1.0(8.8) Short Blades
 + Level 13.3 Long Blades
   Level 0.4 Maces & Flails
 - Level 8.0 Armour
 - Level 5.0 Dodging
 - Level 3.0 Stealth
 - Level 2.0 Spellcasting
 - Level 3.0 Hexes
 + Level 7.2 Invocations


You had 4 spell levels left.
You knew the following spells:

 Your Spells              Type           Power        Failure   Level  Hunger
a - Ensorcelled Hibernat  Hex/Ice        #.....       43%         2    ###....
d - Tukima's Dance        Hex            ##......     47%         3    ###....
q - Confuse               Hex            ##......     47%         3    ###....
s - Corona                Hex            ##.....      17%         1    #......
v - Sublimation of Blood  Necr           #.........   80%         2    ###....

Inventory:

Hand Weapons
 a - a +1 long sword (weapon)
 b - the +8 short sword "Ponor" {flame, +Blink MP+9}
   (You found it on level 2 of the Lair of Beasts)

   It has been specially enchanted to burn those struck by it, causing extra
   injury to most foes and up to half again as much damage against particularly
   susceptible opponents.
   It affects your magic capacity (+9).
   It lets you blink.
 k - a cursed +0 great sword
 s - a +0 short sword of electrocution
   (You took it off a kobold on level 9 of the Dungeon)
Missiles
 n - 5 tomahawks (quivered)
 w - 3 curare-tipped needles
 D - a throwing net
Armour
 e - a +0 pair of gloves (worn)
 h - a +2 pair of boots (worn)
 v - a +0 crystal plate armour
 B - a +0 buckler
 E - a +2 cloak (worn)
 R - a +2 scale mail of magic resistance (worn)
   (You bought it in a shop on level 7 of the Dungeon)
 U - the +0 helmet of Brilliance (worn) {*Drain Regen+ Str+8}
   (You found it on level 5 of the Dungeon)

   It affects your strength (+8).
   It increases your rate of regeneration.
   It causes draining when unequipped.
Jewellery
 o - a +4 amulet of reflection (around neck)
 t - a ring of see invisible (left hand)
 Q - a +3 ring of protection (right hand)
Wands
 y - a wand of digging (9/24)
 T - a wand of iceblast (10/15)
 W - a wand of iceblast (8/15)
 Z - a wand of polymorph (20/24)
Scrolls
 f - 6 scrolls of remove curse
 g - a scroll of noise {unknown}
 j - 3 scrolls of blinking
 p - 4 scrolls of teleportation {!r}
 q - a scroll of fear {!r}
 r - 2 scrolls of identify
 C - a scroll of random uselessness {unknown}
 F - 2 scrolls of fog
 G - 3 scrolls of magic mapping {!r}
 K - a scroll of vulnerability {unknown}
 M - a scroll of enchant armour
 N - a scroll of enchant weapon {unknown}
 O - 2 scrolls of amnesia {unknown}
 V - a scroll of immolation {!r}
 X - a scroll of recharging {unknown}
Potions
 l - 3 potions of heal wounds {!q}
 m - 2 potions of magic {!q}
 u - 2 potions of might {!q}
 x - 2 potions of ambrosia
 z - a potion of invisibility {!q}
 H - 3 potions of haste {!q}
 I - a potion of berserk rage {!q}
 J - 3 potions of flight
 L - 3 potions of curing
Books
 c - a book of Maledictions

   Spells                             Type                      Level
   a - Corona                         Hexes                        1
   b - Ensorcelled Hibernation        Hexes/Ice                    2
   c - Confuse                        Hexes                        3
   d - Tukima's Dance                 Hexes                        3
   e - Dazzling Spray                 Conjuration/Hexes            3
 Y - a book of Fire

   Spells                             Type                      Level
   a - Ignite Poison                  Fire/Transmutation/Poison    3
   b - Fireball                       Conjuration/Fire             5
   c - Bolt of Fire                   Conjuration/Fire             6
   d - Delayed Fireball               Conjuration/Fire             7
   e - Ring of Flames                 Charms/Fire                  7
Comestibles
 d - 5 bread rations {!e}
 i - 6 meat rations {!e}
 S - 15 fruits


Message History

The hippogriff is moderately wounded.
The rime drake breathes ice at you. The flash freeze hits you!
You are encased in ice.
You take 22 damage.
You closely miss the hippogriff.
The hippogriff is moderately wounded.
The hippogriff bites you! The hippogriff completely misses you.
The hippogriff barely misses you. The rime drake closely misses you.
You take 7 damage.
You slash the hippogriff!
The hippogriff is heavily wounded.
The hippogriff bites you but does no damage.
The hippogriff pecks you.
* * * LOW HITPOINT WARNING * * *
The hippogriff claws you.
* * * LOW HITPOINT WARNING * * *
The rime drake bites you but does no damage.
You take 6 damage.
You feel slightly more hungry. The hippogriff misses you.
The hippogriff barely misses you.
The hippogriff claws you but does no damage.
The rime drake bites you but does no damage.
You take 4 damage.
The ice encasing you melts away. The rime drake breathes ice at you.
The flash freeze hits you!
* * * LOW HITPOINT WARNING * * *
You are encased in ice.
You take 12 damage.
The hippogriff barely misses you.
The hippogriff pecks you but does no damage.
The hippogriff barely misses you.
Found 20 gold pieces.
The rime drake bites you.
* * * LOW HITPOINT WARNING * * *
The ice encasing you melts away.
The hippogriff bites you but does no damage.
The hippogriff completely misses you. The hippogriff closely misses you.
The rime drake breathes ice at you. The flash freeze hits you!
* * * LOW HITPOINT WARNING * * *
You are encased in ice.
You take 8 damage.
The hippogriff dies!
Makhleb accepts your kill. The rime drake barely misses you.
The ice encasing you melts away. The rime drake breathes ice at you.
The flash freeze hits you!
You die...

..............###
.................#
................##
.................#
.................#
...............$.#
.................#
........535.<...P#
........k...[.####
#............P#
.##......@.!..#
##........#.#
#.......####
##.......
#.......#
..PP......
............
.............


You could see a rime drake, a friendly neqoxec, a friendly iron imp and a
friendly white imp.

Vanquished Creatures
  A black mamba (Lair:1)
  Joseph (D:7)
  A spiny frog (Lair:1)
  A two-headed ogre (D:8)
  2 slime creatures (D:10)
  18 yaks
  2 spriggans (Lair:2)
  Duvessa (D:5)
  3 water moccasins
  3 ice beasts
  3 black bears
  2 orc warriors
  3 phantoms
  5 wolves (Lair:2)
  A necrophage (D:7)
  5 ogres
  2 centaurs
  A crocodile (Lair:1)
  16 big kobolds
  5 giant frogs
  A water moccasin zombie (D:6)
  3 scorpions
  Dowan (D:5)
  11 killer bees
  9 wights
  2 howler monkeys
  4 crimson imps
  4 giant frog zombies
  A quasit (D:6)
  4 hounds
  6 orc priests
  A gnoll shaman (D:9)
  5 jellies
  11 orc wizards
  2 giant frog skeletons
  Ijyb (D:2)
  Natasha (thrice) (D:4)
  8 iguanas
  6 worker ants
  A worker ant zombie (D:10)
  Robin (D:2)
  10 gnolls
  18 adders
  3 shadow imps
  19 oozes
  3 adder skeletons
  6 worms
  4 dart slugs
  7 giant geckos
  43 orcs
  2 ball pythons
  2 giant cockroaches
  16 hobgoblins
  7 jackals
  2 quokkas
  10 bats
  A giant gecko skeleton (D:5)
  11 giant newts
  13 goblins
  20 kobolds
  A quokka skeleton (D:5)
  14 rats
373 creatures vanquished.

Vanquished Creatures (collateral kills)
  A hydra (Lair:2)
  The ghost of popbob the Thaumaturge, a novice GrEE of Vehumet (Lair:1)
  2 hill giants (D:10)
  A spiny frog (Lair:1)
  2 slime creatures
  A spriggan (Lair:2)
  4 yaks (Lair:1)
  A hippogriff (Lair:3)
  An orc warrior (D:10)
  An ogre (D:7)
  A phantom (D:7)
  A wolf (Lair:2)
  2 wights (D:9)
  A jelly (Lair:2)
  An adder (D:7)
  2 oozes (Lair:2)
  A butterfly (Lair:2)
24 creatures vanquished.

Vanquished Creatures (others)
  A lightning spire (D:4)
  A worker ant zombie (D:7)
  An orc (D:7)
  2 bushes (D:4)
  7 fungi (Lair:2)
  A plant (Lair:2)
13 creatures vanquished.

Grand Total: 410 creatures vanquished

Notes
Turn   | Place    | Note
--------------------------------------------------------------
     0 | D:1      | sorlin the Human Enchanter began the quest for the Orb.
     0 | D:1      | Reached XP level 1. HP: 13/13 MP: 3/3
   328 | D:1      | HP: 4/14 [bat (1)]
   396 | D:1      | HP: 4/14 [rat (3)]
   398 | D:1      | Reached skill level 1 in Fighting
   754 | D:1      | Reached XP level 2. HP: 18/22 MP: 5/5
   758 | D:1      | Learned a level 2 spell: Ensorcelled Hibernation
   775 | D:1      | Reached skill level 2 in Fighting
   775 | D:1      | Reached XP level 3. HP: 16/28 MP: 3/6
  1363 | D:1      | Reached skill level 3 in Fighting
  1719 | D:1      | Reached XP level 4. HP: 32/35 MP: 7/7
  2111 | D:2      | Noticed Robin
  2168 | D:2      | Noticed Ijyb
  2197 | D:2      | HP: 2/36 [worm (10)]
  2205 | D:2      | Killed Ijyb
  2205 | D:2      | Reached skill level 4 in Fighting
  2205 | D:2      | HP: 5/37 [worm (8)]
  2213 | D:2      | HP: 4/37 [worm (2)]
  2609 | D:1      | Reached XP level 5. HP: 38/42 MP: 8/8
  2957 | D:2      | Learned a level 3 spell: Confuse
  3234 | D:2      | Found a burning altar of Makhleb.
  3239 | D:2      | Became a worshipper of Makhleb the Destroyer
  3588 | D:2      | Killed Robin
  3588 | D:2      | Reached skill level 5 in Fighting
  3613 | D:2      | Reached * piety under Makhleb
  3721 | D:2      | Reached skill level 1 in Armour
  3729 | D:2      | Reached XP level 6. HP: 39/51 MP: 8/9
  3762 | D:2      | Found a basalt altar of Yredelemnul.
  4394 | D:3      | HP: 9/51 [gnoll/whip (9)]
  4402 | D:3      | HP: 1/51 [gnoll/whip (10)]
  4507 | D:2      | HP: 14/51 [gnoll/whip (7)]
  4508 | D:2      | Reached skill level 2 in Armour
  5341 | D:4      | Found an ancient bone altar of Kikubaaqudgha.
  5364 | D:4      | Reached skill level 3 in Armour
  5477 | D:4      | Noticed an ogre
  5504 | D:3      | Reached ** piety under Makhleb
  5504 | D:3      | Reached XP level 7. HP: 39/56 MP: 10/10
  5701 | D:4      | HP: 12/56 [orc priest/divine providence (15)]
  5708 | D:4      | HP: 11/56 [phantom (2)]
  6016 | D:3      | HP: 16/56 [phantom (3)]
  6094 | D:2      | Reached skill level 1 in Long Blades
  6260 | D:3      | Reached skill level 2 in Long Blades
  6260 | D:3      | Reached skill level 4 in Armour
  6499 | D:3      | HP: 12/56 [ogre/giant club (18)]
  6868 | D:2      | HP: 16/56 [ogre/giant club (13)]
  7587 | D:4      | Reached skill level 3 in Long Blades
  7650 | D:4      | Found an oddly glowing altar of Pakellas.
  7656 | D:4      | Noticed an ice dragon
  7772 | D:4      | HP: 12/56 [orc priest/nerve-wracking pain (10)]
  8198 | D:4      | Found a shadowy altar of Dithmenos.
  8330 | D:4      | Noticed Natasha
  8344 | D:4      | Killed Natasha
  8344 | D:4      | Reached XP level 8. HP: 55/62 MP: 11/11
  8573 | D:4      | Reached skill level 4 in Long Blades
  8637 | D:4      | Noticed Natasha
  8647 | D:4      | Killed Natasha
  8850 | D:4      | Noticed Natasha
  8858 | D:4      | Killed Natasha
  8858 | D:4      | Reached *** piety under Makhleb
  8996 | D:5      | Entered Level 5 of the Dungeon
  9153 | D:4      | HP: 13/62 [sky beast (6)]
  9163 | D:4      | HP: 13/62 [something (2)]
  9170 | D:4      | HP: 8/62 [something (2)]
  9170 | D:4      | HP: 2/62 [something (6)]
  9860 | D:5      | Found a radiant altar of Vehumet.
  9907 | D:5      | Reached skill level 5 in Armour
  9924 | D:5      | HP: 18/62 [poisoned by a worker ant]
  9929 | D:5      | HP: 16/62 [poisoned by a worker ant]
  9936 | D:5      | HP: 15/62 [poisoned by a worker ant]
  9943 | D:5      | HP: 14/62 [poisoned by a worker ant]
  9951 | D:5      | HP: 14/62 [poisoned by a worker ant]
 10369 | D:5      | Reached skill level 5 in Long Blades
 10562 | D:5      | Noticed Dowan
 10613 | D:5      | Killed Dowan
 10934 | D:6      | Reached skill level 6 in Long Blades
 11335 | D:6      | Found Leeress's Assorted Antiques.
 11347 | D:6      | Bought a scroll of identify for 56 gold pieces
 11347 | D:6      | Bought 2 grey potions for 50 gold pieces
 11347 | D:6      | Bought a scroll labeled VOSEZX SOAHO for 28 gold pieces
 11347 | D:6      | Bought a scroll labeled BUOTOUCKERPH for 28 gold pieces
 11525 | D:6      | Reached skill level 7 in Long Blades
 11685 | D:6      | Found a staircase to the Ecumenical Temple.
 11718 | D:6      | Reached XP level 9. HP: 68/68 MP: 12/12
 11901 | D:6      | HP: 20/68 [wight/enchanted halberd (3)]
 11948 | D:7      | HP: 13/68 [ogre/giant club (12)]
 11954 | D:7      | Reached skill level 1 in Invocations
 12299 | D:7      | Found a stormy altar of Qazlal.
 12330 | D:7      | Reached skill level 8 in Long Blades
 12394 | D:7      | HP: 21/102 [orc warrior/long sword (17)]
 12395 | D:7      | Reached skill level 2 in Invocations
 13067 | D:7      | Reached skill level 3 in Invocations
 13148 | D:7      | Reached skill level 9 in Long Blades
 13413 | D:7      | Found a glowing silver altar of Zin.
 13423 | D:7      | Learned a level 3 spell: Tukima's Dance
 13452 | D:7      | Reached **** piety under Makhleb
 13493 | D:7      | Noticed Joseph
 13576 | D:6      | Reached skill level 4 in Invocations
 14050 | D:7      | Reached XP level 10. HP: 74/74 MP: 13/13
 14520 | D:7      | Found Yrrievont's Antique Armour Emporium.
 14535 | D:7      | Bought a glowing scale mail for 80 gold pieces
 14587 | D:7      | Killed Joseph
 14587 | D:7      | Reached skill level 10 in Long Blades
 14587 | D:7      | Reached skill level 5 in Invocations
 15479 | D:8      | Reached skill level 3 in Dodging
 15656 | D:8      | Found a glowing golden altar of the Shining One.
 15885 | D:8      | Found a blossoming altar of Fedhas.
 15925 | D:8      | Reached ***** piety under Makhleb
 15937 | D:8      | Reached skill level 4 in Dodging
 16527 | D:8      | Found a blossoming altar of Fedhas.
 16540 | D:8      | Reached skill level 11 in Long Blades
 16905 | D:9      | Reached skill level 5 in Dodging
 17097 | D:9      | Found a blossoming altar of Fedhas.
 17142 | D:9      | Found a staircase to the Lair.
 17430 | D:9      | Reached XP level 11. HP: 78/78 MP: 14/14
 18201 | D:9      | Reached skill level 6 in Armour
 18324 | D:5      | Got a heavily runed helmet
 18354 | D:5      | Identified the cursed +0 helmet of Brilliance {*Drain Regen+ Str+8} (You found it on level 5 of the Dungeon)
 18386 | D:5      | Noticed Duvessa
 18446 | D:5      | Killed Duvessa
 18923 | D:10     | Entered Level 10 of the Dungeon
 19011 | D:10     | Found a shadowy altar of Dithmenos.
 19075 | D:10     | Noticed an orc knight
 19148 | D:10     | Noticed a hill giant
 19157 | D:10     | Killed a hill giant
 19208 | D:10     | Noticed a hill giant
 19215 | D:10     | Killed a hill giant
 19215 | D:10     | Reached skill level 12 in Long Blades
 19215 | D:10     | Reached skill level 7 in Armour
 19460 | D:10     | Found a staircase to the Orcish Mines.
 20193 | Lair:1   | Entered Level 1 of the Lair of Beasts
 20365 | D:9      | Reached skill level 8 in Armour
 20530 | Lair:1   | Noticed popbob's ghost (novice GrEE)
 20564 | Lair:1   | Killed popbob's ghost
 20877 | Lair:1   | Reached skill level 6 in Fighting
 20889 | Lair:1   | Reached XP level 12. HP: 87/87 MP: 16/16
 20900 | Lair:1   | Reached skill level 6 in Invocations
 20980 | Lair:1   | Learned a level 2 spell: Sublimation of Blood
 21447 | Lair:2   | Reached skill level 13 in Long Blades
 21712 | Lair:2   | Noticed a six-headed hydra
 21751 | Lair:2   | Killed a six-headed hydra
 22038 | Lair:2   | Reached skill level 7 in Invocations
 22068 | Lair:2   | Reached skill level 7 in Fighting
 22334 | Lair:2   | Got a crude short sword
 22336 | Lair:2   | Identified the +8 short sword "Ponor" {flame, +Blink MP+9} (You found it on level 2 of the Lair of Beasts)
 22412 | Lair:3   | HP: 25/90 [rime drake/flash freeze (13)]
 22420 | Lair:3   | Killed from afar by a rime drake

Vault maps used:
D:1:      dpeg_chamrin_arrival_tetris
D:2:      lemuel_coloured_pillars_altar, overflow_temple_1_default, first_bread,
          st_stairs_7, uniq_robin, uniq_iyjb
D:4:      kiku_gazebo_pond_becter, kennysheep_mini_moat,
          gammafunk_pakellas_spire_experiment, uniq_natasha
D:5:      basic_altar, uniq_duvessa
D:6:      minmay_temple_entry_glassed_door, serial_shops, shop
D:7:      zin_academy, grunt_qazlal_clouds, serial_shops, shop_statue,
          uniq_joseph
D:8:      lemuel_crystal_altar, fedhas_altar_2, serial_co_window_serial,
          co_window_corner_a, co_window_paths_a, co_window_paths_b,
          co_window_paths_a, co_window_paths_b, co_window_corner_b,
          co_window_corner_b, co_window_of_opportunity_c, co_window_paths_e,
          co_window_4corner_a, glass_columns_a, glass_columns_a,
          hangedman_tree_tricks
D:9:      lair_0_dummy, special_room, basic_altar
D:10:     orc_david_3, basic_altar, serial_co_window_serial, co_window_corner_a,
          co_window_paths_a, co_window_of_opportunity_a, co_window_paths_a,
          co_window_of_opportunity_a, co_window_paths_a, co_window_corner_a,
          co_window_corner_a, co_window_paths_a, co_window_broadway_a,
          co_window_of_opportunity_b, co_window_2corner, co_window_2corner,
          co_window_4corner_b, glass_columns_c, glass_columns_b,
          glass_columns_b, grunt_dithmenos_shadows
Lair:1:   serial_bayou_shore_a
Lair:2:   lemuel_slime, wad_woods_02, lemuel_fruit_fields,
          infiniplex_staircase_pool

Action                   |  1- 3 |  4- 6 |  7- 9 | 10-12 || total
-------------------------+-------+-------+-------+-------++-------
Melee: Dagger            |   117 |   178 |       |       ||   295
       Whip              |       |    55 |       |       ||    55
       Flail             |       |    44 |    13 |       ||    57
       Falchion          |       |       |   645 |       ||   645
       Long sword        |       |       |   232 |  1075 ||  1307
       Unarmed           |       |       |    11 |       ||    11
 Fire: Hunting sling     |       |       |     2 |       ||     2
Throw: Stone             |       |     2 |       |       ||     2
       Tomahawk          |       |       |    14 |    12 ||    26
       Throwing net      |       |       |       |     1 ||     1
 Cast: Corona            |     8 |    12 |       |       ||    20
       Ensorcelled Hiber |     4 |    64 |       |       ||    68
Invok: Minor Destruction |       |       |    21 |    16 ||    37
       Lesser Servant of |       |       |     1 |    17 ||    18
       Major Destruction |       |       |       |     2 ||     2
Evoke: Wand              |       |       |     3 |       ||     3
  Use: Scroll            |     1 |     2 |    13 |    10 ||    26
       Potion            |       |     2 |     4 |       ||     6
 Stab: Sleeping          |    10 |    39 |       |       ||    49
       Distracted        |       |       |       |     2 ||     2
  Eat: Beef jerky        |     2 |       |     1 |     2 ||     5
       Pizza             |     2 |       |       |       ||     2
       Chunk             |       |    17 |    31 |    19 ||    67
       Fruit             |       |       |       |     2 ||     2
       Royal jelly       |       |       |       |     1 ||     1
Armor: Robe              |    54 |    31 |       |       ||    85
       Scale mail        |       |    61 |   461 |   478 ||  1000
       Skin              |       |       |    51 |       ||    51
Dodge: Dodged            |   126 |   188 |   383 |   505 ||  1202
Block: Other             |       |       |    41 |   152 ||   193
       Reflection        |       |       |       |     8 ||     8
